 Dungeon Crawl Stone Soup version 0.28-b1-1-g3c77fb2ed1 (webtiles) character file.

Game seed: 3552033421873350842

36 croobank the Firebug (level 3, -1/26 HPs)
             Began as a Demigod Fire Elementalist on Jan 30, 2022.
             Killed from afar by Sigmund (6 damage)
             ... with a magic dart
             ... on level 2 of the Dungeon.
             The game lasted 00:04:18 (850 turns).

croobank the Firebug (Demigod Fire Elementalist)     Turns: 850, Time: 00:04:18

Health: -1/26      AC:  2    Str:  9    XL:     3   Next: 5%
Magic:  1/8        EV: 12    Int: 21    God:
Gold:   116        SH:  0    Dex: 14    Spells: 3/6 levels left

rFire   . . .      SeeInvis .   a - +0 rapier (speed)
rCold   . . .      Faith    .   f - orb {*channel}
rNeg    . . .      Spirit   .   g - +0 robe
rPois   .          Reflect  .   (no helmet)
rElec   .          Harm     .   (no cloak)
rCorr   .          Rampage  .   (no gloves)
Will    .....                   (no boots)
Stlth   ++........              (no amulet)
HPRegen 0.08/turn               (no ring)
MPRegen 0.11/turn               (no ring)

@: no status effects
A: high mp 1, forlorn, divine attributes
a: no special abilities


You were on level 2 of the Dungeon.
You visited 1 branch of the dungeon, and saw 2 of its levels.

You collected 116 gold pieces.

Inventory:

Hand Weapons
 a - a +0 rapier of speed (weapon)
 c - a +0 short sword
Missiles
 d - 45 stones
 h - 20 bolts
 i - 14 arrows
Armour
 e - a +0 plate armour
 f - an orb of energy (worn)
 g - a +0 robe (worn)
Scrolls
 b - 2 scrolls of identify
Potions
 j - a potion of lignification {unknown}
 k - 2 potions of heal wounds {unknown}


   Skills:
 + Level 0.2 Short Blades
 + Level 1.8 Dodging
 + Level 2.1 Stealth
 + Level 2.1 Spellcasting
 + Level 0.9 Conjurations
 + Level 3.4 Fire Magic


You had 3 spell levels left.
You knew the following spells:

 Your Spells              Type           Power      Damage    Failure   Level
a - Foxfire               Conj/Fire      44%        2x1d6     6%          1
b - Scorch                Fire           32%        2d6       5%          2

Your spell library contained the following spells:

 Spells                   Type           Power      Damage    Failure   Level
 Conjure Flame            Conj/Fire      11%        6-21      19%         3
 Inner Flame              Hex/Fire       9%         N/A       22%         3
 Flame Wave               Conj/Fire      11%        2d5       52%         4


Dungeon Overview and Level Annotations

Branches:
Dungeon (2/15)

Annotations:
D:2 Sigmund


Innate Abilities, Weirdness & Mutations

You have an increased reservoir of magic. (+10% MP)
You shall have no god before yourself.
Your divine heritage dramatically boosts your attributes as you level up.


Message History

A giant cockroach comes into view.
Casting: Foxfire (safe; 6% risk of failure)
Confirm with . or Enter, or press ? or * to list all spells.
You conjure some foxfire!
The foxfire hits the giant cockroach but does no damage.
The foxfire hits the giant cockroach.
The giant cockroach is moderately wounded.
Casting: Foxfire (safe; 6% risk of failure)
Confirm with . or Enter, or press ? or * to list all spells.
You conjure some foxfire!
The foxfire hits the giant cockroach.
You kill the giant cockroach!
Your foxfire dissipates!
Sigmund the Dreaded comes into view.
He is wielding a +0 scythe.
Sigmund shouts!
Sigmund casts a spell.
Sigmund flickers and vanishes!
Deactivating autopickup; reactivate with Ctrl-A.
Casting: Foxfire (safe; 6% risk of failure)
Confirm with . or Enter, or press ? or * to list all spells.
Flames lash something.
Something hits you!
Casting: Scorch (safe; 5% risk of failure)
Confirm with . or Enter, or press ? or * to list all spells.
Flames lash something.
Something hits you!
* * * LOW HITPOINT WARNING * * *
Casting: Scorch (safe; 5% risk of failure)
Confirm with . or Enter, or press ? or * to list all spells.
Flames lash something.
Casting: Scorch (safe; 5% risk of failure)
Confirm with . or Enter, or press ? or * to list all spells.
Flames lash something.
Something barely misses you.
Casting: Scorch (safe; 5% risk of failure)
Confirm with . or Enter, or press ? or * to list all spells.
You don't have enough magic to cast this spell.
Casting: Scorch (safe; 5% risk of failure)
Confirm with . or Enter, or press ? or * to list all spells.
You don't have enough magic to cast this spell.
A magic dart appears from out of thin air!
The magic dart hits you.
You die...

#..####.........#..###.........
..####...#........# #.########
.##......#....##..####.##≈#
.................).....##≈#
....._..##........#..####≈##
.....................# #.≈.##
.....................###.≈..####
......................##.≈.....#
####.#..#.#.....@.......###....#
. #........#.....#............#
...##..###.....###..#.......#
......###{....# ##.........##
#.....#......# ##..........
#.......#≈.≈.# ##........†
#.......##≈.≈#######.........
#......#..≈.≈................
.........#≈≈≈.#############..


There were no monsters in sight!

Vanquished Creatures
  An adder (D:2)
  3 bats (D:2)
  2 endoplasms
  3 giant cockroaches
  A goblin (D:2)
  2 hobgoblins (D:2)
  2 quokkas (D:1)
  5 ball pythons (D:1)
  2 frilled lizards (D:1)
  3 kobolds (D:1)
  3 rats (D:1)
  A toadstool (D:2)
28 creatures vanquished.

Vanquished Creatures (others)
  45 foxfires
  A fungus (D:2)
  3 toadstools (D:2)
49 creatures vanquished.

Grand Total: 77 creatures vanquished

Notes
Turn   | Place    | Note
-------+----------+-------------------------------------------
     0 | D:1      | croobank the Demigod Fire Elementalist began the quest for
                  | the Orb.
     0 | D:1      | Reached XP level 1. HP: 14/14 MP: 5/5
   148 | D:1      | Reached skill level 3 in Fire Magic
   241 | D:1      | Reached XP level 2. HP: 20/20 MP: 4/7
   249 | D:1      | Learned a level 2 spell: Scorch
   733 | D:2      | Reached XP level 3. HP: 23/26 MP: 6/8
   840 | D:2      | Noticed Sigmund
   850 | D:2      | Killed from afar by Sigmund

Illustrated notes

Levels and vault maps discovered:
D:1:      beargit_arrival_greenhouse, layout_rooms,
          ebering_ecumenical_altar_mist
D:2:      layout_rooms, serial_rivers, chequers_serial_rivers_micro_d,
          chequers_serial_rivers_micro_d, chequers_serial_rivers_micro_a,
          chequers_serial_rivers_micro_b, chequers_serial_rivers_micro_d,
          basic_altar, minmay_gold_behind_fungi, minmay_door_square,
          uniq_sigmund, uniq_terence

Skill      XL: |  1 |
---------------+----+-----
Fire Magic     | 3 |  3.4
Stealth        | 2 |  2.1
Spellcasting   | 2 |  2.1
Short Blades   | |  0.2
Dodging        | |  1.8
Conjurations   | |  0.9

Action                   || total
-------------------------++-------
Melee: Unarmed           ||     1
       Rapier            ||     8
 Cast: Foxfire           ||    29
       Scorch            ||     7
  Use: Scroll            ||     1
 Stab: Sleeping          ||     1
Dodge: Dodged            ||     7
